 Dungeon Crawl Stone Soup version 0.25-a0-398-g1920f1ac21 (webtiles) character file.

Game seed: 10730862548796145449, levelgen mode: deterministic

317 ReteAZ the Slasher (level 6, -14/48 HPs)
             Began as a Human Fighter on Jan 8, 2020.
             Demolished by an ogre
             ... wielding a +0 giant club
              (24 damage)
             ... on level 4 of the Dungeon.
             The game lasted 00:03:27 (3638 turns).

ReteAZ the Slasher (Human Fighter)                  Turns: 3638, Time: 00:03:27

Health: -14/48     AC: 12    Str: 17    XL:     6   Next: 74%
Magic:  6/6        EV:  4    Int:  9    God:
Gold:   154        SH:  9    Dex: 13    Spells: 5/5 levels left

rFire    . . .     SeeInvis .   a - +0 long sword
rCold    . . .     Gourm    .   c - +0 shield
rNeg     . . .     Faith    .   u - +0 chain mail
rPois    .         Spirit   .   e - +0 helmet
rElec    .         Reflect  .   p - +1 cloak
rCorr    +         Harm     .   (no gloves)
MR       .....                  (no boots)
Stlth    ..........             (no amulet)
HPRegen  0.16/turn              l - ring of resist corrosion
MPRegen  0.10/turn              s - ring of flight

@: no status effects
A: no striking features
a: Evoke Flight


You were on level 4 of the Dungeon.
You were not hungry.

You visited 1 branch of the dungeon, and saw 4 of its levels.

You collected 154 gold pieces.

Inventory:

Hand Weapons
 a - a +0 long sword (weapon)
Armour
 b - a +0 scale mail
 c - a +0 shield (worn)
 e - a +0 helmet (worn)
 m - a scarf of spirit shield
 p - a +1 cloak (worn)
 u - a +0 chain mail (worn)
Jewellery
 l - a ring of resist corrosion (left hand)
 s - a ring of flight (right hand)
Scrolls
 i - 8 scrolls of identify {unknown}
 o - 2 scrolls of teleportation {unknown}
 q - a scroll of fear {unknown}
 t - a scroll of immolation {unknown}
Potions
 d - 2 potions of might
 g - 2 potions of cancellation {unknown}
 h - 2 potions of invisibility {unknown}
 j - 3 potions of degeneration {unknown}
 k - 2 potions of mutation {unknown}
 r - a potion of curing {unknown}
Comestibles
 f - 8 rations


   Skills:
 + Level 4.1 Fighting
 * Level 4.4 Long Blades
 + Level 4.0 Armour
 + Level 4.0 Shields


You had 5 spell levels left.
You didn't know any spells.
Your spell library was empty.

Dungeon Overview and Level Annotations

Branches:
Dungeon (4/15)
 Temple: D:4-7

Altars:
Uskayaw

Shops:
D:4 [


Message History

You are too injured to fight recklessly!
You are too injured to fight recklessly!
You are too injured to fight recklessly!
You are too injured to fight recklessly!
You are too injured to fight recklessly!
You barely miss the ogre.
The ogre is lightly wounded.
You block the ogre's attack.
Your shield and chain mail prevent you from hitting the ogre.
The ogre is lightly wounded.
The ogre hits you but does no damage.
You slash the ogre!
The ogre is heavily wounded.
The ogre hits you with a +0 giant club.
* * * LOW HITPOINT WARNING * * *
You barely miss the ogre.
The ogre is moderately wounded.
The ogre hits you with a +0 giant club!!
Ouch! That really hurt!
You die...

#.# #......#....#....# #.#
#....<).....#....#
#####.###.....)#....#....#
......##.......#....#....#
......##...#..(##.#.......
...........+......#.......#
.....###...#...#..#......
.....'.........#O.#......
.....##........#@........
.....##......###.###....
.....##......# #.. ...
#'#####......# #### .. #.#
#......# # #.# #......# #.#
######.# #.# #.# #.# #.#


You could see an ogre.

Vanquished Creatures
  Blork the orc (D:4)
  An orc priest (D:4)
  An orc wizard (D:4)
  A hound skeleton (D:4)
  5 adders
  4 gnolls (D:3)
  An ooze (D:3)
  A worm (D:3)
  3 dart slugs
  6 leopard geckos
  3 orcs (D:4)
  A ball python (D:1)
  3 giant cockroaches
  9 goblins
  6 hobgoblins
  8 jackals
  A quokka (D:2)
  7 bats
  7 frilled lizards
  8 kobolds
  A leopard gecko skeleton (D:4)
  6 rats
84 creatures vanquished.

Notes
Turn   | Place    | Note
-------+----------+-------------------------------------------
     0 | D:1      | ReteAZ the Human Fighter began the quest for the Orb.
     0 | D:1      | Reached XP level 1. HP: 18/18 MP: 1/1
   264 | D:1      | Reached XP level 2. HP: 24/24 MP: 2/2
   987 | D:2      | Reached XP level 3. HP: 29/29 MP: 3/3
  1225 | D:2      | Reached XP level 4. HP: 26/35 MP: 4/4
  2093 | D:3      | Found a hide-covered altar of Uskayaw.
  2296 | D:3      | Reached XP level 5. HP: 21/41 MP: 5/5
  3170 | D:4      | Reached XP level 6. HP: 48/48 MP: 6/6
  3236 | D:4      | Noticed Blork the orc
  3247 | D:4      | Killed Blork the orc
  3532 | D:4      | Found Sirhiuni's Antique Armour Emporium.
  3626 | D:4      | Noticed an ogre
  3638 | D:4      | Demolished by an ogre

Levels and vault maps discovered:
D:1:      onia_arrival_mini_maze_b, layout_loops_ring
D:2:      wad_river_or_something, layout_basic
D:3:      layout_loops_cross, eat_drink_and_be_merry_uskayaw,
          serial_bayou_pond_d
D:4:      layout_basic, first_ration, serial_shops, shop_statue, uniq_duvessa,
          uniq_blork_the_orc

Skill      XL: |  1  2  3  4  5  6 |
---------------+-------------------+-----
Long Blades    | 3 4 |  4.4
Fighting       | 4 |  4.1
Armour         | 4 |  4.0
Shields        | 4 |  4.0

Action                   |  1- 3 |  4- 6 || total
-------------------------+-------+-------++-------
Melee: Long sword        |    96 |   262 ||   358
  Use: Potion            |       |     2 ||     2
  Eat: Chunk             |     1 |     8 ||     9
Armor: Scale mail        |    43 |   106 ||   149
       Chain mail        |       |    33 ||    33
Dodge: Dodged            |    32 |    65 ||    97
Block: Shield            |    34 |   108 ||   142
       Rpst.: Long sword |    13 |    21 ||    34

Table legend:
 A = Non-vault XP
 B = Vault XP
 C = Vault XP percentage of total XP
 D = Non-vault monster count
 E = Vault monster count
 F = Vault count percentage of total count
                 A         B        C        D         E       F
            +---------+---------+-------+---------+---------+-------
      Total |     318 |     136 |  30.0 |      74 |      10 |  11.9
            +---------+---------+-------+---------+---------+-------
        D:1 |      25 |       0 |   0.0 |      17 |       0 |   0.0
        D:2 |      55 |      40 |  42.1 |      23 |       9 |  28.1
        D:3 |     121 |       0 |   0.0 |      26 |       0 |   0.0
        D:4 |     117 |      96 |  45.1 |       8 |       1 |  11.1
            +---------+---------+-------+---------+---------+-------
